 Dungeon Crawl Stone Soup version 0.32-a0-711-g016ad743e0 (webtiles) character file.

Game seed: 17115613466510073433

532 Griffin23 the Slasher (level 7, -7/61 HPs)
             Began as a Minotaur Fighter on Mar 16, 2024.
             Was an Initiate of Okawaru.
             Mangled by an orc warrior zombie
             ... wielding a +1 mace of venom
              (10 damage)
             ... on level 4 of the Dungeon.
             The game lasted 00:06:46 (3866 turns).

Griffin23 the Slasher (Minotaur Fighter)            Turns: 3866, Time: 00:06:47

Health: -7/61      AC: 12    Str: 22    XL:     7   Next: 4%
Magic:  5/6        EV:  5    Int:  5    God:    Okawaru [......]
Gold:   204        SH:  4    Dex: 10    Spells: 6/6 levels left

rFire   + + .        a - +0 long sword
rCold   + + .        c - +0 buckler
rNeg    . . .        w - +0 plate armour
rPois   +            (helmet restricted)
rElec   +            k - scarf {rC+ rF+}
rCorr   +            (no gloves)
SInv    .            (no boots)
Will    .....        (no amulet) Stlth
                     (no ring)
HPRegen 0.30/turn    (no ring)
MPRegen 0.10/turn

%: no passive effects
@: brilliant, resistant
A: horns 2, retaliatory headbutt
a: Renounce Religion


You were on level 4 of the Dungeon.
You worshipped Okawaru.
Okawaru was noncommittal.
You visited 1 branch of the dungeon, and saw 5 of its levels.

You collected 204 gold pieces.

Inventory:

Hand Weapons
 a - a +0 long sword (weapon)
Armour
 b - a +0 scale mail
 c - a +0 buckler (worn)
 g - a +0 chain mail
 k - a scarf of resistance (worn)
 w - a +0 plate armour (worn)
Jewellery
 l - an amulet of faith
Wands
 u - a wand of polymorph (14)
 C - a wand of paralysis (11)
Scrolls
 e - a scroll of blinking
 j - a scroll of torment {unknown}
 m - a scroll of teleportation {unknown}
 o - a scroll of brand weapon {unknown}
 q - a scroll of acquirement {unknown}
 t - a scroll of poison {unknown}
 x - a scroll of summoning {unknown}
 y - 2 scrolls of identify {unknown}
 z - a scroll of vulnerability {unknown}
 A - a scroll of noise {unknown}
 B - 3 scrolls of fear {unknown}
Potions
 d - 2 potions of might
 f - a potion of brilliance
 h - a potion of attraction {unknown}
 i - a potion of invisibility {unknown}
 n - a potion of haste {unknown}
 p - a potion of mutation {unknown}
 r - a potion of magic {unknown}
 s - a potion of curing
 v - 2 potions of ambrosia {unknown}


   Skills:
 + Level 5.4 Fighting
 * Level 6.0 Long Blades
 + Level 5.3 Armour
 + Level 5.4 Shields


You had 6 spell levels left.
You didn't know any spells.
Your spell library contained the following spells:

 Spells                   Type           Power      Damage    Failure   Level
 Shock                    Conj/Air       0%         1d3       100%        1
 Blink                    Tloc           0%         N/A       100%        2
 Ensorcelled Hibernation  Hex/Ice        0%         N/A       100%        2
 Jinxbite                 Hex            0%         N/A       100%        2
 Lesser Beckoning         Tloc           0%         N/A       100%        2
 Momentum Strike          Conj/Tloc      0%         3d8       100%        2
 Fugue of the Fallen      Necr           0%         N/A       100%        3
 Swiftness                Air            0%         N/A       100%        3
 Airstrike                Air            0%         2d(0-16)  100%        4
 Anguish                  Hex/Necr       0%         N/A       100%        4
 Yara's Violent Unravell  Hex/Alch       0%         3d3       100%        5
 Enfeeble                 Hex            0%         N/A       100%        7


Dungeon Overview and Level Annotations

Branches:
Dungeon (5/15)             Temple (0/1) D:4

Altars:
Hepliaklqana
Okawaru
Trog
Zin
The Shining One

Annotations:
D:4 1 transporter


Innate Abilities, Weirdness & Mutations

You have a pair of horns on your head.
You reflexively headbutt those who attack you in melee.


Message History

The gnoll sergeant zombie hits you from afar with a +1 trident of venom.
The gnoll sergeant zombie hits you but does no damage.
You are poisoned.
The orc warrior zombie hits you with a +2 flail of venom!
The orc warrior zombie hits you with a +1 mace of venom!
You hit the orc warrior zombie.
The orc warrior zombie is lightly damaged.
You feel sick.
The gnoll sergeant zombie hits you from afar with a +1 trident of venom.
The gnoll sergeant zombie hits you from afar with a +5 spear of venom.
The orc warrior zombie hits you with a +2 flail of venom.
You block the orc warrior zombie's attack.
You are too injured to fight recklessly!
You are too injured to fight recklessly!
You feel sick.
The gnoll sergeant zombie attacks as it pursues you!
The gnoll sergeant zombie hits you from afar with a +5 spear of venom.
You are more poisoned.
You are too injured to fight recklessly!
You feel very sick.
You are too injured to fight recklessly!
You are too injured to fight recklessly!
It was a potion of brilliance.
You feel clever all of a sudden.
You feel sick.
The gnoll sergeant zombie hits you but does no damage.
You block the gnoll sergeant zombie's attack.
The orc warrior zombie hits you with a +2 flail of venom!
* * * LOW HITPOINT WARNING * * *
You are lethally poisoned!
The orc warrior zombie hits you with a +1 mace of venom.
* * * LOW HITPOINT WARNING * * *
It was a potion of curing.
You feel better.
The gnoll sergeant zombie barely misses you.
The gnoll sergeant zombie hits you from afar with a +5 spear of venom!
* * * LOW HITPOINT WARNING * * *
The orc warrior zombie barely misses you.
You furiously retaliate!
You headbutt the orc warrior zombie!
The orc warrior zombie hits you with a +1 mace of venom!
You die...

##.##)#.#######..................
#..).).......>.............##.##
##.###...........<.)..#[#####.##
#..............#######..#......
####.###########○°☼○☼#..#......
#.# #○☼.☼☼○#○○°○☼#.........
#.####.°○.○○#Z○○○°#.........
#.#..#☼☼#.#.Z○☼.$!#.........
#...©#○○©..@Z°°.)©#©........
###..#○°#.#.○Z°.$$#...######
#..#.○°.☼°#☼°○°☼#.........
####○○.○○☼#○○°☼°#..#######
########○○○○°#..#
########.####### #..........
##..####### #.##


You could see 2 gnoll sergeant zombies and 2 orc warrior zombies.

Vanquished Creatures
  A phantom (D:5)
  A scorpion (D:4)
  2 gnoll boudas (D:4)
  Jessica (D:3)
  An iguana (D:4)
  A sleepcap (D:4)
  Robin (D:2)
  13 gnolls
  3 adders
  A white imp (D:5)
  2 ribbon worms
  9 orcs
  11 endoplasms
  16 goblins
  A hobgoblin (D:2)
  4 jackals (D:1)
  6 kobolds
  A quokka (D:1)
  5 ball pythons
  2 bats (D:1)
  A frilled lizard (D:2)
  5 rats
88 creatures vanquished.

Notes
Turn   | Place    | Note
-------+----------+-------------------------------------------
     0 | D:1      | Griffin23 the Minotaur Fighter began the quest for the Orb.
     0 | D:1      | Reached XP level 1. HP: 19/19 MP: 0/0
    26 | D:1      | Reached XP level 2. HP: 14/27 MP: 1/1
   211 | D:1      | Reached skill level 3 in Long Blades
   279 | D:1      | Reached XP level 3. HP: 33/33 MP: 2/2
   961 | D:2      | Noticed Robin
   987 | D:2      | Killed Robin
   988 | D:2      | Reached XP level 4. HP: 20/40 MP: 3/3
  1577 | D:3      | Noticed Jessica
  1589 | D:3      | Killed Jessica
  1590 | D:3      | Reached skill level 4 in Long Blades
  1986 | D:3      | Found an iron altar of Okawaru.
  2175 | D:3      | Became a worshipper of Warmaster Okawaru
  2201 | D:4      | Reached XP level 5. HP: 43/47 MP: 4/4
  2222 | D:4      | Found a transporter.
  2558 | D:4      | Reached skill level 5 in Long Blades
  2558 | D:4      | Reached XP level 6. HP: 23/55 MP: 5/5
  2563 | D:4      | Reached skill level 5 in Shields
  2673 | D:4      | Found a transporter.
  2775 | D:4      | Reached skill level 5 in Fighting
  2775 | D:4      | Reached skill level 5 in Armour
  2848 | D:5      | Entered Level 5 of the Dungeon
  3213 | D:5      | Reached * piety under Okawaru
  3458 | D:4      | Found a bloodstained altar of Trog.
  3504 | D:4      | Found a staircase to the Ecumenical Temple.
  3521 | D:4      | Reached skill level 6 in Long Blades
  3521 | D:4      | Reached XP level 7. HP: 48/61 MP: 6/6
  3643 | D:4      | Found a hazy altar of Hepliaklqana.
  3643 | D:4      | Found a faded altar of an unknown god.
  3651 | D:4      | Found a faded altar of an unknown god.
  3653 | D:4      | Found a glowing silver altar of Zin.
  3656 | D:4      | Found a glowing golden altar of the Shining One.
  3866 | D:4      | HP: 3/61 [gnoll sergeant zombie/+5 spear of venom (9)]
  3866 | D:4      | Mangled by an orc warrior zombie

Illustrated notes

Levels and vault maps discovered:
D:1:      psy_arrival_dodecagon, layout_rooms
D:2:      layout_basic, grunt_ministairs_2, uniq_robin
D:3:      layout_loops_ring, mainiacjoe_overflow_surrounded_room, uniq_jessica
D:4:      gammafunk_cloud_chamber, layout_basic, kennysheep_mini,
          chequers_temple_overflow_minitemple, minmay_temple_entry_mist,
          minmay_tree_intersection
D:5:      layout_basic, minmay_quadrilaterals

Skill      XL: |  1  2  3  4  5  6 |
---------------+-------------------+-----
Shields        | 4 5 |  5.4
Fighting       | 4 5 |  5.4
Armour         | 4 5 |  5.3
Long Blades    | 3 4 5 6 |  6.0

Action                     |  1- 3 |  4- 6 |  7- 9 || total
---------------------------+-------+-------+-------++-------
  Melee: Long sword        |    97 |   146 |     3 ||   246
         Headbutt          |     9 |    29 |       ||    38
  Throw: Throwing net      |     1 |       |       ||     1
 Invoke: Heroism           |       |       |     2 ||     2
    Use: Scroll            |       |     1 |       ||     1
         Potion            |       |       |     3 ||     3
   Stab: Held in net/web   |     1 |       |       ||     1
 Armour: Scale mail        |    32 |       |       ||    32
         Chain mail        |    57 |    27 |       ||    84
         Plate armour      |       |   137 |    15 ||   152
         Skin              |       |     1 |       ||     1
  Dodge: Dodged            |    45 |    48 |     3 ||    96
  Block: Buckler           |    28 |    38 |     3 ||    69

Table legend: (Time is in decaauts)
 A = Elapsed time spent in this place.
 B = Non-inter-level travel time spent in this place.
 C = Inter-level travel time spent in this place.
 D = Time resting spent in this place.
 E = Time spent auto-exploring this place.
 F = Levels seen in this place.
 G = Mean time per level.
                   A        B        C        D        E       F      G
               +--------+--------+--------+--------+--------+-----+--------+
         Total |   3928 |   3746 |    182 |    823 |   2252 |   5 |  785.6 |
       Dungeon |   3928 |   3746 |    182 |    823 |   2252 |   5 |  785.6 |
               +--------+--------+--------+--------+--------+-----+--------+

Top non-repeatable levels by time:
     D:4: 970 daAuts
     D:3: 958 daAuts
     D:2: 938 daAuts
     D:1: 544 daAuts
     D:5: 515 daAuts
